Map: Abyssal Reef LE

Players

Raful

  • Race: Terran Terran
  • League: Platinum
  • Spawn Location: 5:00

Watchling - Winner!

  • Race: Zerg Zerg
  • League: Diamond
  • Spawn Location: 11:00

VOD

Have the link to the VOD?

Description

Time

  • Played on: July 29, 2017, 9:34 a.m.
  • Length: 11:27
Show
View Real Time Build Order
Export as new Build Order

Raful Terran 

Build Orders: Reaper Expand, MMM Bio 

Get SALT Encoding   

  12  0:00  SCV  
  13  0:13  SCV  
  14  0:19  Supply Depot  
  14  0:25  SCV  
  15  0:40  SCV  
  16  0:42  Barracks  
  16  0:46  Refinery  
  16  0:52  SCV  
  17  1:04  SCV  
  18  1:16  SCV  
  19  1:31  Reaper  
  20  1:33  Orbital Command  
  20  1:37  Supply Depot  
  20  1:43  Refinery  
  20  2:08  Factory  
  20  2:12  SCV  
  20  2:22  Command Center  
  20  2:29  Barracks Reactor  
  20  2:33  SCV  
  21  2:45  SCV  
  21  2:57  SCV  
  22  3:09  SCV  
  23  3:17  Hellion, Barracks Tech Lab  
  23  3:18  Hellion, Starport  
  27  3:21  SCV  
  28  3:34  SCV  
  29  3:39  Hellion  
  30  3:54  Stimpack  
  30  4:01  Barracks  
  30  4:02  Hellion  
  32  4:07  Medivac  
  33  4:11  Barracks  
  33  4:13  Orbital Command  
  33  4:16  SCV  
  34  4:28  Hellion x2, SCV  
  34  4:29  Marine  
  40  4:36  Supply Depot  
  40  4:40  SCV, Starport Reactor  
  41  4:47  Marine  
  41  4:48  SCV  
  41  5:04  SCV x2  
  41  5:05  Marine  
  41  5:06  Hellion  
  48  5:07  Barracks Reactor  
  48  5:09  Barracks Reactor  
  48  5:16  SCV x2  
  50  5:23  Marine  
  47  5:28  Hellion  
  47  5:30  Hellion  
  47  5:33  Armory  
  47  5:36  Engineering Bay x2, SCV  
  47  5:37  SCV  
  49  5:43  Marine  
  50  5:50  Medivac x2  
  50  5:54  Combat Shields  
  44  6:04  SCV  
  44  6:08  SCV  
  40  6:14  Hellion  
  40  6:15  Hellion  
  40  6:16  SCV  
  40  6:17  Marine  
  46  6:19  Marine  
  47  6:28  SCV  
  47  6:29  Marauder  
  50  6:35  SCV  
  50  6:36  Hellion  
  53  6:40  SCV  
  54  6:53  Supply Depot  
  54  7:13  Concussive Shells  
  54  7:14  Marine, Supply Depot  
  54  7:15  Hellion x2, SCV x2  
  61  7:16  Supply Depot  
  61  7:18  Marine, Supply Depot  
  61  7:22  Terran Infantry Weapons Level 1  
  62  7:23  Terran Infantry Armor Level 1  
  62  7:29  Barracks  
  62  7:36  Hellion, Marine x3, SCV x2  
  69  7:37  Medivac  
  69  7:38  Medivac  
  73  7:45  Refinery  
  73  7:46  Refinery  
  73  7:47  Marine x2  
  73  7:48  SCV x2  
  73  7:51  Hellion  
  79  7:53  Marine x2  
  79  7:54  Marauder  
  83  8:00  SCV  
  84  8:15  Marauder  
  86  8:23  Barracks Reactor  
  86  8:27  Barracks  
  86  8:30  Barracks  
  86  8:31  Barracks  
  86  8:42  Command Center  
  86  8:48  Terran Vehicle Weapons Level 1  
  86  8:59  Supply Depot x2  
  86  9:02  Supply Depot  
  86  9:20  Medivac x2, Marine x6, SCV x2  
  86  9:21  Marauder  
  100  9:38  Marine  
  94  9:42  Marauder  
  94  9:44  Liberator x2  
  79  9:46  Hellion x2  
  81  9:56  Barracks Tech Lab x2  
  81  10:02  Marine x6  
  81  10:03  Marauder, Marine  
  81  10:05  Orbital Command  
  96  10:07  Hellion x2  
  100  10:19  Marine  
  100  10:20  Marine x2  
  99  10:25  Marauder, Marine x4  
  76  10:46  Marauder  
  74  10:52  Marine x7  
  74  10:53  Marine x2  
  83  11:03  Command Center  
  76  11:07  Marine  
  71  11:22  Unknown  
Show
View Real Time Build Order
Export as new Build Order

Watchling Zerg - Winner!

Build Orders: Pool First, Muta Ling Bane 

Get SALT Encoding   

  12  0:01  Drone  
  13  0:12  Overlord  
  13  0:17  Drone  
  14  0:31  Drone x2  
  14  0:34  Drone  
  17  0:46  Spawning Pool  
  16  0:50  Drone  
  16  0:56  Drone  
  18  1:17  Hatchery  
  17  1:18  Drone  
  17  1:22  Extractor  
  17  1:27  Drone  
  17  1:31  Drone  
  19  1:40  Queen  
  21  1:48  Zergling x2  
  21  1:51  Overlord  
  22  2:16  Queen  
  22  2:20  Drone  
  22  2:21  Drone  
  26  2:23  Metabolic Boost  
  26  2:28  Drone  
  28  2:30  Drone  
  28  2:34  Queen  
  30  2:38  Zergling x2  
  31  2:50  Drone x5  
  35  3:16  Overlord x2  
  35  3:34  Queen  
  35  3:36  Drone x6  
  35  3:37  Drone x2  
  44  3:51  Zergling x2  
  44  3:52  Zergling x8  
  44  3:53  Roach Warren  
  48  3:56  Queen  
  50  4:19  Baneling Nest  
  50  4:21  Drone x3  
  52  4:26  Overlord  
  52  4:33  Hatchery  
  52  4:34  Overlord  
  52  4:36  Overlord  
  51  4:41  Extractor  
  46  5:04  Drone  
  47  5:10  Zergling x2  
  47  5:11  Zergling x22  
  53  5:39  Drone x6  
  53  5:41  Lair  
  53  5:42  Overlord  
  46  6:16  Drone x3  
  46  6:17  Drone x8  
  57  6:23  Drone x2  
  57  6:24  Drone  
  60  6:38  Glial Reconstitution  
  60  6:39  Centrifical Hooks  
  60  6:45  Evolution Chamber  
  59  6:48  Drone x2, Evolution Chamber  
  59  6:51  Drone x6  
  59  6:52  Overlord  
  59  6:53  Extractor  
  65  6:58  Hatchery, Spore Crawler  
  63  7:01  Spore Crawler  
  63  7:04  Spore Crawler  
  61  7:11  Spire  
  61  7:13  Pneumatized Carapace  
  60  7:18  Overlord x3  
  60  7:19  Roach  
  60  7:20  Roach x11  
  84  7:28  Zerg Missile Weapons Level 1  
  84  7:38  Roach x4  
  92  8:03  Ravager  
  92  8:04  Ravager  
  94  8:06  Zergling x16  
  94  8:07  Zergling x10  
  107  8:26  Overseer  
  107  8:32  Mutalisk x2  
  111  8:35  Hatchery  
  110  8:45  Zergling x2  
  111  8:55  Overlord  
  111  8:56  Overlord x2  
  111  8:57  Hatchery  
  111  8:58  Zergling x12  
  111  8:59  Zergling x20  
  126  9:10  Zerg Ground Armor Level 1  
  126  9:11  Infestation Pit  
  126  9:14  Baneling x5  
  126  9:15  Baneling  
  126  9:16  Zergling x2  
  126  9:17  Zergling x2  
  126  9:18  Zergling x12  
  129  9:36  Zergling x10  
  129  9:37  Zergling x12  
  107  9:50  Zergling x2  
  107  9:51  Zergling x14  
  113  10:08  Mutalisk  
  113  10:09  Mutalisk x3  
  113  10:10  Zergling x2  
  113  10:11  Zergling x6  
  120  10:16  Baneling  
  120  10:17  Baneling x3  
  107  10:23  Zergling x16  
  109  10:34  Extractor  
  109  10:35  Drone x10  
  112  10:36  Extractor  
  112  10:42  Baneling x3  
  109  10:43  Baneling  
  105  10:52  Mutalisk  
  105  10:54  Zergling x2  
  105  10:55  Zergling x16  
  115  11:02  Zergling x4  
  115  11:03  Zergling x2  
  116  11:04  Zergling x2  
Tags
 
Add a new tag
Caveats
  • Supply blocks, unpowered buildings, or Contaminate may cause inaccurate times.
  • Supply counts are checked every 10 seconds.